 Dungeon Crawl Stone Soup version 0.24-a0-525-g9231cdcba1 (console) character file.

Game seed: 17675108320806062161

266 Dragon00 the Chopper (level 6, -2/82 HPs)
             Began as a Minotaur Berserker on Aug 4, 2019.
             Was a Priest of Trog.
             Slain by a crocodile (11 damage)
             ... in a sewer.
             The game lasted 00:16:10 (2537 turns).

Dragon00 the Chopper (Minotaur Berserker)           Turns: 2537, Time: 00:16:11

Health: -2/82      AC:  5    Str: 27    XL:     6   Next: 0%
Magic:  0/5        EV: 12    Int:  4    God:    Trog [***...]
Gold:   149        SH:  0    Dex: 11    Spells: 5/5 levels left

rFire    . . .     SeeInvis .   a - +0 hand axe
rCold    . . .     Gourm    .   (no shield)
rNeg     + . .     Faith    .   h - +0 ring mail
rPois    .         Spirit   +   (helmet restricted)
rElec    .         Reflect  .   (no cloak)
rCorr    .         Harm     .   (no gloves)
MR       .....                  (no boots)
Stlth    ..........             j - amulet of guardian spirit
HPRegen  0.23/turn              s - ring of positive energy
MPRegen  0.09/turn              (no ring)

@: berserking, very quick
A: retaliatory headbutt, horns 2
a: Berserk, Trog's Hand, Renounce Religion


You were in a sewer.
You worshipped Trog.
Trog was most pleased with you.
You were hungry.

You visited 1 branch of the dungeon, and saw 3 of its levels.
You also visited: Sewer.

You collected 149 gold pieces.

Inventory:

Hand Weapons
 a - a +0 hand axe (weapon)
Missiles
 e - 115 stones
 g - 48 sling bullets
 r - 5 boomerangs (quivered)
Armour
 b - a +0 animal skin
 h - a +0 ring mail (worn)
Jewellery
 j - an amulet of guardian spirit (around neck)
 s - a ring of positive energy (left hand)
Scrolls
 i - 4 scrolls of remove curse
 k - a scroll of identify
 m - a scroll of teleportation
 q - a scroll of amnesia {unknown}
 t - 2 scrolls of enchant weapon {unknown}
Potions
 l - a potion of ambrosia
 o - a potion of flight
Comestibles
 c - 4 rations


   Skills:
 + Level 4.9 Fighting
 * Level 5.6 Axes
 + Level 4.0 Armour
 + Level 3.7 Dodging


You had 5 spell levels left.
You didn't know any spells.
Your spell library was empty.

Dungeon Overview and Level Annotations

Branches:
Dungeon (3/15)

Altars:
Elyvilon


Innate Abilities, Weirdness & Mutations

You reflexively headbutt those who attack you in melee.
You have a pair of horns on your head.


Message History

You headbutt the crocodile, but do no damage.
The crocodile bites you!
You hit the crocodile. Your headbutt misses the crocodile.
The crocodile is lightly wounded.
The crocodile bites you!
You are too injured to fight recklessly!
You are too injured to fight recklessly!
A red film seems to cover your vision as you go berserk!
You feel yourself moving faster!
You feel mighty!
You are feeling hungry.
The crocodile bites you!
* * * LOW HITPOINT WARNING * * *
You hit the crocodile.
The crocodile is lightly wounded.
The crocodile bites you!
* * * LOW HITPOINT WARNING * * *
You hit the crocodile.
The crocodile is moderately wounded.
The crocodile bites you!
You die...

▓...≈...▓
▓▓.....▓▓
▓▓...▓▓ ▓▓.▓▓
▓.▓ ▓.▓ ▓.▓ ▓.▓
▓.▓ .
▓▓▓▓▓▓▓.▓▓▓▓....
........@t......
▓▓▓▓▓▓▓▓▓▓▓▓....
.


You could see a crocodile.

Vanquished Creatures
  2 jellies (D:2)
  A hound (D:2)
  3 adders (D:2)
  3 gnolls (D:3)
  6 oozes (D:2)
  4 worms
  4 leopard geckos
  13 bats
  3 giant cockroaches
  8 goblins
  7 hobgoblins
  4 jackals (D:2)
  13 kobolds
  A ball python (D:3)
  4 frilled lizards
  8 rats
84 creatures vanquished.

Vanquished Creatures (others)
  7 toadstools (D:2)
7 creatures vanquished.

Grand Total: 91 creatures vanquished

Notes
Turn   | Place    | Note
-------+----------+-------------------------------------------
     0 | D:1      | Dragon00 the Minotaur Berserker began the quest for the
                  | Orb.
     0 | D:1      | Reached XP level 1. HP: 19/19 MP: 0/0
   149 | D:1      | Reached XP level 2. HP: 20/27 MP: 1/1
   547 | D:1      | Reached skill level 4 in Axes
   819 | D:2      | Reached XP level 3. HP: 33/33 MP: 2/2
   983 | D:2      | Reached ** piety under Trog
  1315 | D:2      | Reached XP level 4. HP: 40/40 MP: 3/3
  1422 | D:2      | Reached skill level 5 in Axes
  1423 | D:2      | Reached XP level 5. HP: 47/47 MP: 4/4
  1864 | D:2      | Reached *** piety under Trog
  2020 | D:2      | Found a white marble altar of Elyvilon.
  2268 | D:3      | Found a glowing drain.
  2382 | Sewer    | Entered a sewer
  2388 | Sewer    | Reached XP level 6. HP: 33/55 MP: 5/5
  2537 | Sewer    | Slain by a crocodile

Levels and vault maps discovered:
D:1:      evilmike_arrival_run_for_it, layout_loops_ring
D:2:      cheibrodos_fertilizer, layout_loops_cross, elyvilon_altar_3,
          minmay_heptomino_w4
D:3:      layout_loops_ring, lemuel_round_altar, portal_sewer_entry_a
Sewer:    sewer_big_baddie

Skill      XL: |  1  2  3  4  5 |
---------------+----------------+-----
Axes           | 4 5 |  5.6
Fighting       | 4 |  4.9
Armour         | 3 4 |  4.0
Dodging        | 3 |  3.7

Action                   |  1- 3 |  4- 6 || total
-------------------------+-------+-------++-------
Melee: Hand axe          |    64 |    94 ||   158
       Headbutt          |    15 |    21 ||    36
Throw: Stone             |    83 |     7 ||    90
       Boomerang         |       |    24 ||    24
Invok: Berserk           |       |     4 ||     4
  Use: Scroll            |       |     7 ||     7
       Potion            |       |     1 ||     1
  Eat: Chunk             |     1 |     7 ||     8
Armor: Animal skin       |     2 |       ||     2
       Ring mail         |    15 |    36 ||    51
Dodge: Dodged            |    26 |    53 ||    79

Table legend:
 A = Non-vault XP
 B = Vault XP
 C = Vault XP percentage of total XP
 D = Non-vault monster count
 E = Vault monster count
 F = Vault count percentage of total count
                 A         B        C        D         E       F
            +---------+---------+-------+---------+---------+-------
      Total |     216 |     165 |  43.3 |      52 |      32 |  38.1
            +---------+---------+-------+---------+---------+-------
        D:1 |      32 |       5 |  13.5 |      17 |       1 |   5.6
        D:2 |     141 |     148 |  51.2 |      32 |      23 |  41.8
        D:3 |      43 |       3 |   6.5 |       3 |       3 |  50.0
      Sewer |       0 |       9 | 100.0 |       0 |       5 | 100.0
            +---------+---------+-------+---------+---------+-------
